 Dungeon Crawl Stone Soup version 0.31.0-12-g77e489cdc1 (webtiles) character file.

Game seed: 12455006020539766193

716 Marthos the Conjurer (level 7, -13/37 (44) HPs)
             Began as a Gargoyle Reaver on Feb 18, 2024.
             Was a Believer of Makhleb.
             Mangled by an ogre
             ... wielding a +0 giant club
              (16 damage)
             ... on level 4 of the Dungeon.
             The game lasted 00:10:11 (4385 turns).

Marthos the Conjurer (Gargoyle Reaver)              Turns: 4385, Time: 00:10:14

HP:   -13/37 (44)   AC: 19    Str: 17    XL:     7   Next: 69%
MP:   11/12         EV: 10    Int: 14    God:    Makhleb [**....]
Gold: 169           SH:  0    Dex:  8    Spells: 12/13 levels left

rFire   . . .        r - +2 flail (protect)
rCold   . . .        (no shield)
rNeg    + . .        j - +0 ring mail
rPois   ∞            g - +0 helmet
rElec   +            (no cloak)
rCorr   .            (no gloves)
SInv    .            f - +0 pair of boots
Will    .....        (no amulet) Stlth
                     (no ring)
HPRegen 0.26/turn    (no ring)
MPRegen 0.13/turn

%: no passive effects
@: under a protective aura, heavily drained
A: sickness immunity, AC +4, negative energy resistance 1, electricity
resistance, torment resistance 1, petrification resistance
a: Renounce Religion, Minor Destruction


You were on level 4 of the Dungeon.
You worshipped Makhleb.
Makhleb was pleased with you.
You visited 1 branch of the dungeon, and saw 5 of its levels.

You collected 169 gold pieces.

Inventory:

Hand Weapons
 e - a +3 heavy flail
 r - a +2 flail of protection (weapon)
Armour
 b - a +0 leather armour
 f - a +0 pair of boots (worn)
 g - a +0 helmet (worn)
 j - a +0 ring mail (worn)
Scrolls
 a - 5 scrolls of identify {unknown}
 c - 2 scrolls of brand weapon {unknown}
 d - 3 scrolls of noise {unknown}
 h - a scroll of poison {unknown}
 i - 2 scrolls of blinking {unknown}
 l - a scroll of amnesia {unknown}
 n - a scroll of fog {unknown}
 o - a scroll of teleportation {unknown}
 q - a scroll of enchant weapon {unknown}
Potions
 k - a potion of haste {unknown}
 m - a potion of might {unknown}
 p - a potion of curing {unknown}


   Skills:
 + Level 4.4 Fighting
 + Level 4.7 Maces & Flails
 + Level 3.7 Armour
 - Level 1.5 Dodging
 + Level 3.8 Spellcasting
 + Level 5.2 Conjurations


You had 12 spell levels left.
You knew the following spells:

 Your Spells              Type           Power      Damage    Failure   Level
a - Kiss of Death         Conj/Necr      36%        2d8       12%         1

Your spell library contained the following spells:

 Spells                   Type           Power      Damage    Failure   Level
 Momentum Strike          Conj/Tloc      18%        3d8       19%         2
 Hailstorm                Conj/Ice       9%         3d6       34%         3


Dungeon Overview and Level Annotations

Branches:
Dungeon (5/15)
 Temple: D:4-7

Altars:
Dithmenos
Makhleb
Qazlal

Shops:
D:4 !

Annotations:
D:4 3 runed translucent doors, Skimidon's ghost, amateur VSNe; Vncvd's ghost, amateur OpBr; krest9999's ghost, amateur DsFi


Innate Abilities, Weirdness & Mutations

You are immune to sickness and miasma.
Your stone body is resilient. (AC +4)
You are immune to poison.
You resist negative energy. (rN+)
You are resistant to electric shocks. (rElec)
You are resistant to unholy torment.
You are immune to petrification.


Message History

Things that are here:
a +2 flail of protection; a +0 scale mail; an orc corpse
r - a +2 flail of protection Your +2 flail of protection hums with potential!
r - a +2 flail of protection (weapon)
You start resting.
HP restored.
You start waiting.
Done waiting.
There is a stone staircase leading down, spattered with blood here.
Things that are here:
a +0 flail; a gnoll skeleton You climb downwards.
The ogre closely misses you.
There is a stone staircase leading up here.
You closely miss the ogre.
The gnoll sergeant hits you from afar with a +0 trident!
The ogre barely misses you.
The gnoll sergeant hits you from afar with a +0 trident.
The ogre hits you but does no damage.
The gnoll sergeant hits you but does no damage.
You climb upwards.
Level annotation: 3 runed translucent doors, Skimidon's ghost, amateur VSNe; Vncvd's ghost, amateur OpBr; krest9999's ghost, amateur DsFi
There is a stone staircase leading down, spattered with blood here.
Things that are here:
a +0 flail; a gnoll skeleton You hit the ogre.
Your weapon exudes an aura of protection.
The ogre is lightly wounded.
The ogre hits you with a +0 giant club!!
Ouch! That really hurt!
* * * LOW HITPOINT WARNING * * *
Casting: Kiss of Death (safe; 12% risk of failure)
Confirm with . or Enter, or press ? or * to list all spells.
Aiming: Kiss of Death (safe; 12% risk of failure)
Press: ? - help, Shift-Dir - straight line, f - ogre
Aim: an ogre, wielding a +0 giant club (lightly wounded, 100% to hit)
The negative energy hits the ogre!
The ogre is drained!
The ogre is severely wounded.
You feel drained. The ogre hits you with a +0 giant club!
You die...

#.# #......## #.#####.
#.# #.......# #.......
#.# ##.#....# #.####..
#.# #.##.#.# #.# #.#
#.####.##.#.# #<# #.#
#...........###.####.#
#.....................
#####..##.#####.####.#
#@.##.# #.# #.#
#O[##.#####.####.#
#>.##...........>#
###..##..##.########
#........##.###
#.#......##...#
#.#.#########.# ##
#.#.# #### #.
#.#.#######♣⌠♣?####.


You could see an ogre (drained).

Vanquished Creatures
  2 black bears
  A phantom (D:4)
  2 orc priests
  3 hounds (D:4)
  2 orc wizards (D:3)
  3 iguanas (D:5)
  8 gnolls
  5 adders
  2 dart slugs
  2 orcs (D:3)
  2 endoplasms
  6 giant cockroaches
  6 goblins
  10 hobgoblins
  7 quokkas
  8 ball pythons
  6 bats
  A frilled lizard (D:3)
  2 kobolds
  5 rats
83 creatures vanquished.

Notes
Turn   | Place    | Note
-------+----------+-------------------------------------------
     0 | D:1      | Marthos the Gargoyle Reaver began the quest for the Orb.
     0 | D:1      | Reached XP level 1. HP: 12/12 MP: 3/3
   117 | D:1      | Reached XP level 2. HP: 14/15 MP: 5/5
   374 | D:1      | Reached skill level 1 in Armour
   469 | D:1      | Reached XP level 3. HP: 19/20 MP: 6/6
  1275 | D:2      | Found a faded altar of an unknown god.
  1480 | D:2      | Prayed at the altar of an unknown god.
  1480 | D:2      | Became a worshipper of Makhleb the Destroyer
  1480 | D:2      | Reached * piety under Makhleb
  1979 | D:3      | Found a stormy altar of Qazlal.
  1990 | D:3      | Reached XP level 4. HP: 25/25 MP: 7/7
  2094 | D:3      | Reached skill level 4 in Conjurations
  2106 | D:3      | Reached XP level 5. HP: 7/24 MP: 6/8
  2106 | D:3      | Reached ** piety under Makhleb
  2850 | D:4      | Noticed a black bear
  2857 | D:4      | HP: 1/28 [black bear (4)]
  2858 | D:4      | Killed a black bear
  2859 | D:4      | Reached XP level 6. HP: 6/37 MP: 8/10
  3128 | D:4      | Found a shadowy altar of Dithmenos.
  3318 | D:4      | Found a runed translucent gate.
  3321 | D:4      | Found a runed translucent gate.
  3321 | D:4      | Found a runed translucent gate.
  3323 | D:4      | Noticed krest9999's ghost (amateur DsFi)
  3323 | D:4      | Noticed Vncvd's ghost (amateur OpBr)
  3323 | D:4      | Noticed Skimidon's ghost (amateur VSNe)
  3487 | D:4      | Found Lecs's Distillery.
  3509 | D:4      | Reached XP level 7. HP: 38/43 MP: 10/12
  3833 | D:5      | Entered Level 5 of the Dungeon
  3859 | D:5      | Reached skill level 5 in Conjurations
  4385 | D:4      | Mangled by an ogre

Illustrated notes

Levels and vault maps discovered:
D:1:      ldierk_walled_garden_2, layout_basic, minmay_tripent
D:2:      layout_loops_ring, chequers_ecumenical_altar_simple,
          minmay_misc_feat_room
D:3:      layout_loops_corners, general_overflow_altar, serial_rivers,
          chequers_serial_rivers_small_3, chequers_serial_rivers_micro_d,
          chequers_serial_rivers_micro_d, chequers_serial_rivers_micro_a,
          chequers_serial_rivers_micro_b
D:4:      black_bear_nest_1, layout_loops_ring, grunt_dithmenos_smoke,
          serial_shops, shop, gammafunk_ghost_cemetery,
          minmay_misc_feat_enclosed, minmay_misc_feat_tower
D:5:      layout_basic, hellmonk_ghost_happy_afterlife,
          serial_library_hellmonk_hallway_a, lemuel_flame_loot_1

Skill      XL: |  1  2  3  4  5  6  7 |
---------------+----------------------+-----
Armour         | 1 2 3 |  3.7
Fighting       | 3 4 |  4.4
Conjurations   | 4 5 |  5.2
Maces & Flails | 4 |  4.7
Spellcasting   | 3 |  3.8
Dodging        | |  1.5

Action                     |  1- 3 |  4- 6 |  7- 9 || total
---------------------------+-------+-------+-------++-------
  Melee: Mace              |    27 |       |       ||    27
         Flail             |    72 |    74 |    32 ||   178
         Punch             |       |     1 |     1 ||     2
   Cast: Kiss of Death     |     2 |     3 |     1 ||     6
    Use: Potion            |       |     1 |       ||     1
 Armour: Leather armour    |    51 |       |       ||    51
         Ring mail         |    33 |    89 |    55 ||   177
  Dodge: Dodged            |    90 |    60 |    28 ||   178
